Map: Jagannatha LE

Players

ThroneofJade

  • Race: Zerg Zerg
  • League: Master
  • Spawn Location: 1:00

ViBE - Winner!

  • Race: Terran Terran
  • League: Silver
  • Spawn Location: 7:00

VOD

Have the link to the VOD?

Description

Time

  • Played on: March 16, 2021, 7:10 p.m.
  • Length: 15:22
Show
View Real Time Build Order
Export as new Build Order

ThroneofJade Zerg 

Build Orders: Pool First, Muta Ling Bane 

Get SALT Encoding   

  12  0:01  Drone  
  13  0:13  Overlord  
  13  0:17  Drone  
  14  0:37  Spawning Pool  
  14  0:41  Drone  
  14  0:46  Extractor  
  13  0:52  Drone x2  
  13  0:56  Drone  
  16  1:08  Drone  
  17  1:24  Zergling x2  
  18  1:26  Zergling x2  
  18  1:27  Queen  
  21  1:35  Overlord  
  21  1:56  Hatchery  
  21  1:58  Metabolic Boost  
  20  2:03  Drone  
  21  2:10  Extractor  
  21  2:14  Drone x2  
  22  2:22  Zergling x2  
  23  2:35  Zergling x2  
  24  2:48  Baneling Nest  
  23  2:57  Drone x3  
  26  3:21  Drone, Zergling x2  
  26  3:22  Zergling x4  
  30  3:30  Overlord  
  30  3:36  Overlord  
  30  3:43  Lair  
  30  3:46  Overlord  
  30  3:47  Queen  
  32  3:50  Drone  
  32  3:51  Drone  
  32  3:54  Drone  
  35  4:12  Drone  
  35  4:13  Drone x2  
  35  4:16  Drone x2  
  40  4:25  Spine Crawler  
  39  4:41  Spore Crawler  
  39  4:43  Drone x2  
  40  4:48  Drone  
  40  4:49  Drone x2  
  40  4:52  Spore Crawler  
  42  4:56  Queen  
  44  5:06  Drone  
  44  5:07  Drone x2  
  47  5:11  Pneumatized Carapace  
  47  5:12  Centrifical Hooks  
  47  5:20  Spire  
  46  5:21  Overlord  
  46  5:37  Evolution Chamber  
  45  5:44  Queen  
  45  5:48  Baneling x5  
  47  5:50  Baneling  
  47  5:54  Drone  
  47  5:55  Drone x2  
  47  5:56  Extractor  
  49  6:07  Zerg Melee Weapons Level 1  
  49  6:09  Drone  
  50  6:14  Hatchery, Overlord  
  50  6:15  Overlord x2  
  49  6:29  Drone x2  
  51  7:00  Hatchery  
  50  7:03  Hatchery  
  50  7:08  Hatchery, Zerg Flyer Weapons Level 1  
  49  7:12  Drone  
  49  7:13  Drone x4  
  53  7:16  Drone x3  
  56  7:39  Queen  
  56  7:41  Drone x2  
  60  7:48  Extractor  
  57  8:01  Zerg Missile Weapons Level 1  
  53  8:11  Drone  
  53  8:12  Drone x2  
  55  8:22  Queen  
  55  8:23  Queen x2, Spore Crawler  
  60  8:33  Drone  
  61  8:34  Drone  
  61  8:37  Spore Crawler  
  61  8:47  Queen  
  63  8:54  Drone  
  64  8:56  Mutalisk  
  64  8:57  Mutalisk x8  
  64  8:59  Mutalisk x5  
  92  9:06  Burrow  
  92  9:20  Drone  
  92  9:21  Drone x4  
  97  9:31  Extractor  
  96  9:41  Infestation Pit  
  96  9:43  Zergling x8  
  96  9:44  Zergling x10  
  104  9:48  Zergling x6  
  107  10:00  Drone  
  106  10:29  Mutalisk, Hydralisk Den  
  106  10:32  Overlord  
  106  10:33  Overlord x6  
  106  10:34  Overlord x3  
  105  11:05  Hydralisk x8  
  105  11:06  Hydralisk  
  105  11:07  Hydralisk x2  
  105  11:08  Hydralisk x2  
  121  11:35  Zergling x2  
  121  11:36  Zergling x10  
  121  11:37  Zergling x6  
  130  11:53  Baneling x4  
  130  11:54  Baneling  
  130  11:59  Zergling x2  
  130  12:00  Zergling x10  
  136  12:02  Zergling x4  
  138  12:12  Drone  
  138  12:13  Drone x4  
  143  12:16  Hydralisk x7  
  143  12:17  Hydralisk x4  
  97  12:37  Hydralisk x6  
Show
View Real Time Build Order
Export as new Build Order

ViBE Terran - Winner!

Build Orders:  

Get SALT Encoding   

  12  0:00  SCV  
  13  0:12  SCV  
  14  0:18  Supply Depot  
  14  0:25  SCV  
  15  0:39  SCV  
  15  0:42  Barracks  
  16  0:46  Refinery  
  16  0:52  SCV  
  17  1:04  SCV  
  18  1:16  SCV  
  19  1:32  Orbital Command  
  19  1:33  Marine  
  20  1:41  Command Center  
  20  1:51  Marine  
  21  1:55  Supply Depot  
  21  1:58  SCV  
  21  2:08  Marine  
  21  2:13  SCV  
  23  2:17  Factory  
  23  2:31  SCV  
  23  2:34  Barracks Reactor  
  24  2:43  SCV  
  25  2:49  Supply Depot  
  25  2:53  Orbital Command  
  25  2:55  SCV  
  26  3:02  Factory Tech Lab  
  26  3:03  Barracks  
  26  3:07  SCV  
  26  3:11  Refinery  
  27  3:14  Supply Depot  
  27  3:19  SCV x2  
  29  3:22  Siege Tank  
  32  3:31  SCV  
  33  3:36  SCV  
  33  3:40  Marine x2  
  36  3:43  SCV  
  36  3:44  Supply Depot  
  37  3:48  SCV  
  37  3:51  Barracks Tech Lab  
  37  3:54  Siege Tank  
  41  3:58  Marine x2  
  43  4:06  SCV  
  43  4:07  SCV  
  43  4:09  Starport  
  45  4:11  Marine  
  45  4:13  Supply Depot  
  45  4:15  Marine  
  45  4:16  Marine  
  48  4:21  SCV x2  
  50  4:30  Siege Tank, Marine  
  54  4:33  Marine x2  
  56  4:38  Supply Depot  
  56  4:42  SCV x2  
  58  4:48  Marine, Stimpack  
  59  4:53  Marine x2  
  59  4:54  SCV x2  
  63  5:03  Command Center  
  63  5:12  SCV x2  
  65  5:24  SCV x2  
  67  5:36  SCV x2  
  67  5:37  Refinery  
  67  5:39  Refinery  
  67  5:41  Starport Reactor  
  69  5:46  Engineering Bay  
  69  5:47  Engineering Bay  
  69  5:48  SCV x2  
  71  5:51  Barracks x2  
  71  5:52  Barracks  
  71  5:54  Barracks  
  71  5:57  Supply Depot  
  71  5:58  Supply Depot  
  71  5:59  Supply Depot  
  71  6:00  SCV x2  
  73  6:12  SCV  
  73  6:13  SCV  
  73  6:15  Orbital Command  
  73  6:16  Marine x3  
  78  6:21  Medivac x2  
  78  6:24  SCV  
  78  6:25  Terran Infantry Weapons Level 1, SCV  
  84  6:28  Terran Infantry Armor Level 1  
  84  6:37  SCV x2  
  86  6:44  Barracks Reactor x4  
  86  6:45  Marine x3  
  89  6:49  SCV x2  
  91  7:00  Orbital Command  
  91  7:06  SCV x2  
  93  7:09  Marine  
  93  7:10  Marine x2  
  93  7:12  Medivac x2  
  93  7:15  Armory  
  100  7:18  SCV x2  
  100  7:22  Marine x2  
  102  7:23  Marine x6  
  102  7:27  Marine x3  
  113  7:30  SCV x2  
  113  7:34  SCV  
  116  7:37  Command Center  
  116  7:40  Marine  
  116  7:42  SCV  
  116  7:43  Supply Depot, SCV  
  119  7:45  Supply Depot  
  119  7:46  SCV, Combat Shield  
  120  7:54  SCV  
  120  7:55  SCV  
  120  7:57  Refinery  
  122  7:58  Refinery, SCV  
  118  8:09  Supply Depot  
  118  8:10  Supply Depot  
  115  8:12  Supply Depot  
  115  8:15  Marine x6  
  115  8:16  Marine x5  
  115  8:18  Medivac x2  
  130  8:42  Supply Depot x3  
  130  8:47  Marine x11  
  141  9:02  SCV x3  
  144  9:04  Marine  
  144  9:05  Marine x10  
  144  9:06  Terran Infantry Armor Level 2, Terran Infantry Weapons Level 2  
  144  9:09  Terran Vehicle Weapons Level 1  
  153  9:10  Medivac x2  
  153  9:13  Hellbat, Infernal Pre-Igniter  
  153  9:14  SCV x2  
  161  9:22  Supply Depot, Command Center  
  161  9:25  SCV  
  161  9:26  SCV x2, Marine x11  
  175  9:37  SCV  
  175  9:38  SCV  
  177  9:44  Marine x5  
  182  9:58  Marine x3  
  182  9:59  Marine x3  
  188  10:01  Siege Tank, Marine  
  188  10:02  Marine x4  
  186  10:14  SCV  
  186  10:15  SCV x2  
  186  10:16  Marine x4  
  186  10:19  Planetary Fortress  
  193  10:26  SCV  
  193  10:27  SCV x2  
  195  10:33  Siege Tank, Missile Turret x3  
  195  10:35  Missile Turret  
  187  10:36  Missile Turret  
  187  10:38  Missile Turret  
  187  10:39  Missile Turret  
  187  10:41  Missile Turret x2  
  186  10:45  Missile Turret  
  186  10:46  Missile Turret  
  176  10:50  SCV, Missile Turret  
  176  10:51  SCV x2  
  175  11:01  Marine x8  
  175  11:02  SCV, Marine x3  
  175  11:03  SCV x2  
  189  11:05  Thor  
  195  11:15  SCV x4  
  199  11:19  Marine, Missile Turret  
  199  11:20  Missile Turret  
  200  11:33  Command Center  
  200  11:34  Missile Turret  
  200  11:35  Missile Turret  
  200  11:37  Missile Turret  
  200  11:52  Barracks  
  200  11:54  Barracks  
  200  11:55  Barracks  
  200  11:56  Barracks  
  200  11:58  Barracks  
  183  12:41  Terran Infantry Weapons Level 3, Terran Infantry Armor Level 3  
  183  12:42  Terran Vehicle Weapons Level 2  
  183  12:49  SCV x5  
  183  12:56  Barracks Reactor x5  
  183  13:01  SCV x3  
Tags
 
Composition
Muta Ling Bane
Matchup
TvZ
Opening
Pool First
Player
ViBE
Spawn Locations
Cross Positions
Add a new tag
Caveats
  • Supply blocks, unpowered buildings, or Contaminate may cause inaccurate times.
  • Supply counts are checked every 10 seconds.